AoeStats
← Xtreme | ticohzao

African Clearing

505995142Analyzed
4v4 RM · 21d ago on Sep 12, 2026· 49m 17s· 8 players
Game mode
Random Map
Map size
Large (8 player)
Population
200
Speed
Normal
Resources
Standard
Victory
Conquest
Starting age
Dark Age
Ending age
Imperial Age
RankedLock teamsTeams togetherTeam positionsShared explorationLock speedFull tech treeHidden civsTurbo modeCheats
Victory
Defeat
🇧🇷 Koreans · Brazil
1678
+7
🇧🇷 Vietnamese · Brazil
1453
+15
🇧🇷 Spanish · Brazil
1447
+15
🇧🇷 Persians · Brazil
1382
+17
🇧🇷 Malians · Brazil
1542
-19
🇧🇷 Huns · Brazil
1429
-13
🇦🇷 Gurjaras · Argentina
1400
-12
🇦🇷 Portuguese · Argentina
1342
-10
[TOX2] A-c-Syno-666
8:51 Loom
11:12 Feudal Age
13:36 Forging
21:27 Castle Age
20:09 Bloodlines
20:09 Double-Bit Axe
20:08 Horse Collar
21:04 Scale Barding Armor
24:58 Heavy Plow
25:15 Bow Saw
27:15 Chain Barding Armor
30:43 Wheelbarrow
33:38 Husbandry
39:41 Stone Mining
40:51 Gold Mining
45:59 Fletching
SeiyaPegasus
8:02 Loom
12:57 Feudal Age
16:54 Castle Age
15:06 Double-Bit Axe
16:32 Gold Mining
18:09 Bow Saw
18:28 Forging
20:08 Scale Mail Armor
21:47 Horse Collar
28:48 Iron Casting
28:53 Chain Mail Armor
29:39 Heavy Plow
30:39 Wheelbarrow
31:52 Squires
35:42 Imperial Age
34:15 Gold Shaft Mining
33:54 Arson
34:24 Fletching
36:13 Bodkin Arrow
37:13 Plate Mail Armor
38:27 Tigui
40:26 Conscription
40:52 Elite Gbeto
40:59 Elite Gbeto
43:53 Crop Rotation
47:26 Chemistry
46:46 Ballistics
47:04 Masonry
48:14 Murder Holes
49:02 Farimba
Tex_T_Fode
4:23 Loom
13:35 Feudal Age
14:48 Double-Bit Axe
17:44 Castle Age
16:30 Gold Mining
17:08 Fletching
18:23 Padded Archer Armor
21:53 Wheelbarrow
28:46 Horse Collar
31:57 Ballistics
33:21 Bloodlines
33:12 Husbandry
36:02 Hand Cart
36:27 Leather Archer Armor
37:23 Bodkin Arrow
41:08 Thumb Ring
44:31 Imperial Age
42:45 Light Cavalry
43:33 Scale Barding Armor
43:39 Forging
45:31 Chain Barding Armor
45:47 Iron Casting
44:45 Heavy Cavalry Archer
45:37 Bracer
46:06 Parthian Tactics
46:50 Chemistry
45:50 Hussar
48:09 Conscription
49:02 Blast Furnace
48:38 Plate Barding Armor
Erebor.
9:19 Loom
15:50 Feudal Age
16:46 Town Watch
19:43 Castle Age
17:59 Double-Bit Axe
33:38 Fletching
41:31 Imperial Age
El Procurador
10:21 Loom
11:15 Loom
13:46 Feudal Age
20:29 Castle Age
19:06 Double-Bit Axe
19:29 Horse Collar
21:48 Wheelbarrow
31:13 Padded Archer Armor
32:42 Leather Archer Armor
34:41 Husbandry
51:22 Imperial Age
[KoFu] Might_lloll
9:39 Loom
12:44 Feudal Age
16:48 Castle Age
14:48 Double-Bit Axe
14:56 Fletching
17:34 Bodkin Arrow
17:53 Bow Saw
24:34 Horse Collar
25:33 Town Watch
28:12 Wheelbarrow
28:20 Ballistics
33:54 Heavy Plow
35:40 Masonry
39:31 Imperial Age
38:25 Hand Cart
40:18 Bracer
41:38 Chemistry
41:09 Architecture
43:21 Eupseong
43:51 Conscription
47:18 Heavy Rocket Cart
Xtreme | ticohzao
3:02 Loom
12:59 Feudal Age
13:30 Double-Bit Axe
17:36 Castle Age
17:31 Gold Mining
19:19 Husbandry
19:26 Husbandry
22:57 Scale Barding Armor
25:29 Forging
26:54 Wheelbarrow
28:39 Stone Mining
29:17 Bloodlines
30:05 Iron Casting
29:52 Chain Barding Armor
30:19 Bow Saw
31:20 Iron Casting
31:15 Horse Collar
32:56 Town Watch
36:42 Gold Shaft Mining
40:26 Imperial Age
38:15 Hand Cart
40:33 Stone Shaft Mining
40:01 Heavy Plow
40:07 Cavalier
41:23 Plate Barding Armor
41:49 Blast Furnace
46:18 Savar
Xtreme | Rayden
4:48 Loom
13:29 Feudal Age
18:31 Castle Age
17:25 Double-Bit Axe
18:30 Fletching
21:49 Bodkin Arrow
24:28 Padded Archer Armor
24:51 Ballistics
29:30 Wheelbarrow
28:41 Town Watch
29:12 Bow Saw
29:31 Horse Collar
31:20 Heavy Plow
32:08 Thumb Ring
33:58 Hand Cart
38:33 Imperial Age
36:19 Hand Cart
36:26 Forging
36:22 Scale Barding Armor
36:36 Leather Archer Armor
38:20 Forging
38:16 Scale Barding Armor
38:52 Husbandry
40:15 Chain Barding Armor
41:40 Chemistry
41:36 Bloodlines
43:01 Chatras
43:13 Gold Mining
43:13 Stone Mining
44:24 Two-Man Saw
44:38 Plate Barding Armor
45:17 Iron Casting
44:47 Elite Battle Elephant
46:25 Bracer
47:12 Treadmill Crane
50:26 Stone Shaft Mining
49:57 Town Patrol
Connection lost

Rejoining the realm…

Still unreachable

The connection could not be restored.

Session expired

The server has moved on; the page needs a fresh start.